[Event "*** Titled Tuesday Blitz"]
[Site "Chess.com"]
[Date "2020.02.04"]
[Round "2"]
[White "AliKa2810"]
[Black "LiemLe"]
[Result "0-1"]
[WhiteElo "2619"]
[BlackElo "2968"]
[TimeControl "180+2"]
[EndTime "13:25:02 PST"]
[Termination "LiemLe won by resignation"]

1. e4 e5 2. Nf3 Nc6 3. Bb5 a6 4. Ba4 Nf6 5. O-O Bc5 6. c3 b5 7. Bc2 d6 8. d4 Bb6 9. h3 O-O 10. Be3 Re8 11. Nbd2 Rb8 12. Re1 h6 13. a4 exd4 14.
cxd4 Nb4 15. Bb1 c5 16. axb5 axb5 17. dxc5 dxc5 18. Bf4 Rb7 19. Qe2 c4 20. e5 Nfd5 21. Bg3 Rbe7 22. Ne4 f5 23. exf6 Nxf6 24. Nxf6+ gxf6 25. Qf1 Rxe1 26. Nxe1 f5 27. Nf3 Qf6 28. Qc1 Bb7 29.
Ra3 Be4 30. Re3 Bxe3 31. Qxe3 Nd5 32. Qe2 Kf8 33. Bh4 Bxb1 34. Qxe8+ Kxe8 35. Bxf6 Nxf6 36.
Nd4 b4 37. g4 fxg4 38. hxg4 Nxg4 39. Kg2 Bd3 40. Kg3 Nf6 41. f4 Kf7 42. f5 Nd5 43.
Kg4 Kf6 44. Kh5 Kg7 45. Ne6+ Kh7 46. Nd4 c3 47. bxc3 bxc3 48. Nb3 Bxf5 0-1

[Event "*** Titled Tuesday Blitz"]
[Site "Chess.com"]
[Date "2020.02.04"]
[Round "2"]
[White "benhal"]
[Black "INLOVEWITHF"]
[Result "1-0"]
[WhiteElo "2519"]
[BlackElo "2316"]
[TimeControl "180+2"]
[EndTime "13:25:02 PST"]
[Termination "benhal won by resignation"]

1. e4 e5 2. Nf3 Nc6 3. Bc4 Nf6 4. d3 h6 5. O-O d6 6. c3 g5 7. d4 g4 8. Ne1 Nxe4 9. f3 d5 10. fxe4 dxc4 11. d5 Ne7 12. Na3 Ng6 13. Nxc4 Bc5+ 14. Kh1 Qh4 15. b4 Be7 16. g3 Qh5 17. a4 f5 18. exf5 Bxf5 19. a5 Be4+ 20. Kg1 O-O-O 21. Ne3 Bg5 22. c4 Kb8 23. a6 Nf4 24. gxf4 Bxf4 25. Ra2 Qh3 26. N1g2 g3 27. Nxf4 exf4 28. Rxf4 gxh2+ 29.
Rxh2 Rhg8+ 30. Rg4 Bf3 31. Rxh3 Bxd1 32. Rxg8 Rxg8+ 33. Kf2 Bg4 34. Rxh6 bxa6 35. Rxa6 Kb7 36. b5 Rf8+ 37. Ke1 Bd7 38. Rg6 Rf4 39. Rg7 Be8 40.
Bd2 Bh5 41. d6 Re4 42. Rxc7+ Kb6 43. c5+ Kxb5 44. d7 Rd4 45. c6 Bf3 46. Rc8 Bxc6 47. d8=Q Rxd8 48. Rxd8 1-0

[Event "*** Titled Tuesday Blitz"]
[Site "Chess.com"]
[Date "2020.02.04"]
[Round "2"]
[White "quesfr"]
[Black "Semajkcalbk"]
[Result "1-0"]
[WhiteElo "2042"]
[BlackElo "2397"]
[TimeControl "180+2"]
[EndTime "13:25:02 PST"]
[Termination "quesfr won by resignation"]

1. e4 c6 2. d4 d5 3. e5 Bf5 4. h4 h5 5. Bd3 Bxd3 6. Qxd3 e6 7.
Bg5 Qa5+ 8. Nd2 Qa6 9. c4 dxc4 10.
Nxc4 Bb4+ 11. Kf1 Ne7 12. a3 Nd5 13. g3 Nd7 14. Kg2 Be7 15. Nf3 N7b6 16. b3 Nxc4 17. bxc4 Nb6 18. Rhc1 Rd8 19. a4 Nc8 20. a5 Bxg5 21.
Nxg5 Ne7 22. Ne4 Nf5 23. Nc5 Rxd4 24. Qxd4 Nxd4 25. Nxa6 bxa6 26. Rab1 O-O 27. Rb7 Ra8 28.
Rcb1 Kh7 29. Rb8 Rxb8 30. Rxb8 c5 31. Rb7 Nc6 32. Rc7 Nxa5 33. Rxc5 Nb3 34. Rc7 a5 35. Rxa7 Kg6 36. f4 f6 37. exf6 gxf6 38. Kf3 Kf5 39. Ke3 Kg4 40. Rg7+ Kf5 41. Ra7 Kg4 42. Kf2 Kf5 43. c5 e5 44. c6 Ke6 45. fxe5 fxe5 46. Rh7 a4 47. c7 a3 48. c8=Q+ Kd5 49. Qb7+ Kd4 50. Qxb3 1-0

[Event "*** Titled Tuesday Blitz"]
[Site "Chess.com"]
[Date "2020.02.04"]
[Round "2"]
[White "PNEPaul"]
[Black "icychess54"]
[Result "0-1"]
[WhiteElo "1801"]
[BlackElo "2402"]
[TimeControl "180+2"]
[EndTime "13:25:02 PST"]
[Termination "icychess54 won by resignation"]

1. e4 c5 2. Nf3 d6 3. d4 cxd4 4. c3 Nf6 5. Bd3 Nc6 6. Bf4 e5 7. Bg3 dxc3 8. Nxc3 Be7 9. Qe2 O-O 10. Rd1 Bg4 11.
Bb1 Nd4 12. Qe3 Bxf3 13. gxf3 Nh5 14. f4 Bf6 15. Nd5 exf4 16. Nxf6+ Qxf6 17. Qxd4 fxg3 18. hxg3 Qf3 19. O-O Rfe8 20. Qd3 Qg4 21. e5 g6 22. exd6 Nf4 23. d7 Nxd3 24. dxe8=Q+ Rxe8 25. Bxd3 Qb4 26. b3 Qa3 27. Bc4 Qxa2 28. Rd7 Rf8 29. Re1 b5 30. Bd5 a5 31. Ree7 Qa1+ 32. Kg2 a4 33. Rxf7 Rxf7 34. Rxf7 Kh8 35. Rf8+ Kg7 36. Ra8 a3 37. Ra7+ Kh6 38. g4 a2 39. f4 Qb2+ 40.
Kg3 Qc3+ 41. Bf3 Qe1+ 42. Kg2 Qd2+ 43. Kg3 g5 44. Ra6+ Kg7 45. Ra7+ Kf8 46. Ra8+ Ke7 47. Ra7+ Kd6 48. Ra6+ Kc5 49. b4+ Kxb4 50. fxg5 Qb2 51. Ra7 a1=Q 0-1

[Event "*** Titled Tuesday Blitz"]
[Site "Chess.com"]
[Date "2020.02.04"]
[Round "2"]
[White "ChadBiryani"]
[Black "amiralfio"]
[Result "0-1"]
[WhiteElo "2292"]
[BlackElo "2512"]
[TimeControl "180+2"]
[EndTime "13:25:09 PST"]
[Termination "amiralfio won by resignation"]

1. d4 f5 2. Bg5 Nf6 3. Bxf6 exf6 4.
e3 d5 5. g3 c6 6. Bg2 Na6 7.
Ne2 Nc7 8. O-O Be6 9. Qd3 Qd7 10. Nd2 Be7 11. Nf4 Bf7 12. Bh3 g6 13. Rfe1 O-O 14. Rac1 b5 15. a4 bxa4 16. c4 Rab8 17. Rc2 Bb4 18.
Ra1 Bxd2 19. Qxd2 dxc4 20. Rxa4 Nd5 21. Bf1 Nb6 22. Ra5 Bd5 23. Qb4 g5 24. Ne2 f4 25.
exf4 Qf5 26. Qd2 Qe4 27. f3 Qxf3 28. Rxd5 cxd5 29. fxg5 fxg5 30. Qxg5+ Kh8 31. Qe5+ Qf6 32. Bg2 Qxe5 33. dxe5 Rbe8 34. h3 Rxe5 35. Rd2 Kg7 36. Nf4 Rd8 37. Kf2 d4 38. g4 Rf8 39. Kg3 Re3+ 40. Bf3 Nd5 41. Nxd5 Rfxf3+ 42. Kh4 Rxh3+ 43. Kg5 Re5+ 0-1

[Event "*** Titled Tuesday Blitz"]
[Site "Chess.com"]
[Date "2020.02.04"]
[Round "2"]
[White "secretsuperstar7"]
[Black "jguerramzllo"]
[Result "1/2-1/2"]
[WhiteElo "2229"]
[BlackElo "2454"]
[TimeControl "180+2"]
[EndTime "13:25:10 PST"]
[Termination "Game drawn by repetition"]

1. d4 d5 2. Nf3 Nf6 3. e3 e6 4. Bd3 Be7 5. b3 O-O 6. O-O c5 7. Bb2 Nc6 8. a3 b6 9. Nbd2 Bb7 10. Ne5 Nxe5 11. dxe5 Ne4 12. Nxe4 dxe4 13. Bc4 Qc7 14. Qg4 Rfd8 15. Bc3 Bf8 16. Be2 g6 17. f4 exf3 18. gxf3 Bg7 19. f4 Be4 20. Bf3 Qb7 21. Qg2 Bxf3 22. Qxf3 Qxf3 23. Rxf3 Rd7 24. Kf2 Rad8 25. Ke2 Bf8 26. a4 a5 27. Rg1 Be7 28. Rgf1 Rc8 29. Rb1 Kf8 30. Rb2 h5 31. Rh3 Ke8 32. Rf3 Rcd8 33.
Rf1 Rc8 34. Rf3 Rd5 35. Rf1 Bd8 36. Rf3 Rd7 37. Rf2 Ra7 38. Rf1 Be7 39. Rf2 Kd7 40. Rf1 Kc6 41. Rd1 Rcc7 42. Rbb1 Rd7 43. Rf1 Ra8 44. Rb2 Rad8 45. Rg1 Kd5 46. Kf3 Kc6 47.
Ke2 Rd5 48. Rf1 R5d7 49. Rg1 1/2-1/2

[Event "*** Titled Tuesday Blitz"]
[Site "Chess.com"]
[Date "2020.02.04"]
[Round "2"]
[White "novocane"]
[Black "JozefKneht"]
[Result "0-1"]
[WhiteElo "2151"]
[BlackElo "2450"]
[TimeControl "180+2"]
[EndTime "13:25:10 PST"]
[Termination "JozefKneht won by resignation"]

1. d4 d5 2. c4 c6 3. cxd5 cxd5 4. Bf4 Nc6 5. e3 a6 6. Nc3 Nf6 7. Be2 Bf5 8. g4 Be4 9. Nxe4 Nxe4 10. Nf3 e6 11. a3 Rc8 12. O-O Bd6 13. Ne5 Bxe5 14.
dxe5 g5 15. Bg3 Nxg3 16. hxg3 Nxe5 17. f4 gxf4 18. exf4 Qb6+ 19. Rf2 Nc4 20. b3 Ne3 21.
Qd3 Ke7 22. Re1 Nc2 23. Rf1 Nxa3 24. f5 Nb5 25. g5 Rc3 26. f6+ Kd7 27. Qd2 Rxg3+ 28.
Kh2 Rxb3 29. Bf3 Qd6+ 30. Kh1 Qb4 31. Qd1 Nd4 32. Bxd5 exd5 33. Rd2 Nc6 34. Rxd5+ Kc7 35. Rd7+ Kb6 36. Rxf7 Qh4+ 37. Kg1 Rg3+ 38. Kf2 Qf4+ 39. Ke2 Re3+ 40. Kd2 Qd4+ 41. Kc1 Rc3+ 0-1

[Event "*** Titled Tuesday Blitz"]
[Site "Chess.com"]
[Date "2020.02.04"]
[Round "2"]
[White "IMTominho"]
[Black "SerGo055"]
[Result "0-1"]
[WhiteElo "2789"]
[BlackElo "2555"]
[TimeControl "180+2"]
[EndTime "13:25:11 PST"]
[Termination "SerGo055 won by checkmate"]

1. d4 Nf6 2. c4 e6 3. Nf3 d5 4. Nc3 c6 5. e3 Nbd7 6. b3 Bd6 7. Be2 O-O 8. O-O Qe7 9. Bb2 dxc4 10. bxc4 e5 11. Qc2 Re8 12. Rfd1 a6 13. d5 e4 14. Nd4 Qe5 15. g3 c5 16. Nb3 Qf5 17. a4 Ne5 18.
Nd2 Neg4 19. Bxg4 Qxg4 20. Ncxe4 Nxe4 21. f3 Qg6 22. Nxe4 Bf5 23. Qc3 Bxe4 24. fxe4 Rxe4 25. Rd2 Rae8 26. Re1 f6 27. Kg2 h5 28. Rf2 h4 29.
Rf3 hxg3 30. hxg3 Rg4 31. e4 Rexe4 32. Rxe4 Qxe4 33. Kf2 Qxc4 34. Qe3 Qc2+ 35. Kg1 Re4 36. Qc3 Qd1+ 37. Kg2 Re2+ 38. Kh3 Qxd5 39. Kg4 Qg5+ 40. Kh3 Qh5# 0-1

[Event "*** Titled Tuesday Blitz"]
[Site "Chess.com"]
[Date "2020.02.04"]
[Round "2"]
[White "andrzej"]
[Black "BrianEscalante"]
[Result "1/2-1/2"]
[WhiteElo "2360"]
[BlackElo "2581"]
[TimeControl "180+2"]
[EndTime "13:25:13 PST"]
[Termination "Game drawn by repetition"]

1. d4 Nf6 2. c4 c5 3. d5 b5 4. cxb5 a6 5. e3 e6 6. Nc3 exd5 7. Nxd5 Bb7 8. Nxf6+ Qxf6 9. Nf3 Be7 10. Bc4 axb5 11.
Bxb5 O-O 12. O-O d5 13. Qc2 Na6 14. Bd2 d4 15. e4 Qg6 16. Bd3 Rfc8 17. e5 Qh5 18.
Be4 Bxe4 19. Qxe4 Qg6 20. Qxg6 hxg6 21. Rfc1 Nc7 22. b4 cxb4 23. Nxd4 Nd5 24. Nc6 Bf8 25. Nd4 Bc5 26. Nb3 Bb6 27. Kf1 Rxc1+ 28. Bxc1 Nc3 29. a3 bxa3 30. Rxa3 Rd8 31. Bd2 Ne4 32. Be1 Rd3 33. Ra8+ Kh7 34. Nc1 Rd1 35. Rc8 Bxf2 36. Nd3 Rxd3 37. Bxf2 Rd1+ 38. Be1 Rd5 39. Re8 Nc5 40.
Ke2 Nd7 41. Bg3 Nc5 42. Re7 Kg8 43. Re8+ Kh7 44. Re7 Kg8 45. Re8+ Kh7 1/2-1/2

[Event "*** Titled Tuesday Blitz"]
[Site "Chess.com"]
[Date "2020.02.04"]
[Round "2"]
[White "Kosche007"]
[Black "M1711"]
[Result "1/2-1/2"]
[WhiteElo "2301"]
[BlackElo "2506"]
[TimeControl "180+2"]
[EndTime "13:25:13 PST"]
[Termination "Game drawn by repetition"]

1. e4 c5 2. Nf3 e6 3. d4 cxd4 4. Nxd4 Nc6 5. Nc3 Qc7 6. Nxc6 bxc6 7. Bd3 d5 8. O-O Nf6 9. Qe2 Be7 10. b3 O-O 11.
Bb2 d4 12. Nb1 e5 13. Nd2 Bg4 14. f3 Be6 15. Nc4 Nh5 16. g3 g6 17. Kh1 Kh8 18. f4 f6 19. f5 Bf7 20. Rae1 g5 21. Rg1 h6 22. Bc1 Kh7 23. Qg2 Bb4 24. Ref1 Rg8 25. Be2 Rad8 26. Qh3 Ng7 27. g4 Ne8 28. Qf3 Kg7 29. h4 Nd6 30. Nxd6 Bxd6 31. Bd3 c5 32. hxg5 hxg5 33. Kg2 c4 34. bxc4 Bxc4 35. Rh1 Bxd3 36. cxd3 Rh8 37. Bxg5 fxg5 38. f6+ Kf7 39. Qf5 Qd7 40.
Rh7+ Rxh7 41. Qxh7+ Ke6 42. Qf5+ Kf7 43. Qh7+ Ke6 44.
Qf5+ Kf7 45. Qh7+ 1/2-1/2

[Event "*** Titled Tuesday Blitz"]
[Site "Chess.com"]
[Date "2020.02.04"]
[Round "2"]
[White "zurzan"]
[Black "LivajaM"]
[Result "0-1"]
[WhiteElo "1952"]
[BlackElo "2405"]
[TimeControl "180+2"]
[EndTime "13:25:13 PST"]
[Termination "LivajaM won by resignation"]

1. f4 e5 2. fxe5 d6 3. exd6 Qxd6 4. Nf3 g6 5. Nc3 Bg7 6. g3 Bg4 7. Bg2 Ne7 8. O-O c6 9. Ne4 Qc7 10. Nf2 Bf5 11. e4 Be6 12. d4 O-O 13. Bf4 Qb6 14.
b3 Na6 15. c4 Rad8 16. d5 cxd5 17. exd5 Bf5 18. Rc1 Nb4 19. Qd2 a5 20. Be3 Qa6 21.
a3 Nbxd5 22. cxd5 Rxd5 23. Qe1 Nc6 24. Nh4 Re5 25. Nxf5 Rxf5 26. Be4 Re5 27. Bf4 Re6 28. Qd2 Nd4 29. Bd3 Nf3+ 30. Kg2 Nxd2 31. Bxa6 Nxf1 32. Bxb7 Ne3+ 33. Bxe3 Rxe3 34. b4 Rxa3 35. bxa5 Rxa5 36.
Bf3 Ra2 37. Rf1 Bd4 38. Bd5 Rb2 39. Kf3 Bxf2 40. Rxf2 Rxf2+ 41. Kxf2 Kg7 42. Bf3 f5 43. h4 Kf6 44. Kg2 h6 45. Kf2 g5 46. hxg5+ hxg5 47. Kg2 Ke5 48. Kf2 Rb8 49. Bh5 Rb3 50. Kg2 g4 51. Bf7 Rb2+ 52. Kf1 Ke4 53. Be6 Kf3 54.
Ke1 Rb5 55. Bd7 Re5+ 56. Kd2 Kxg3 57. Kd3 Rd5+ 0-1

[Event "*** Titled Tuesday Blitz"]
[Site "Chess.com"]
[Date "2020.02.04"]
[Round "2"]
[White "MikaelyanArman"]
[Black "marcodobrikov"]
[Result "1-0"]
[WhiteElo "2748"]
[BlackElo "2517"]
[TimeControl "180+2"]
[EndTime "13:25:19 PST"]
[Termination "MikaelyanArman won by resignation"]

1. e4 c5 2. Nc3 Nc6 3. Bb5 g6 4. Bxc6 dxc6 5. d3 Bg7 6. f4 Nf6 7. Nf3 O-O 8. O-O Bg4 9. Be3 Nd7 10. h3 Bxf3 11. Qxf3 Bd4 12. Bxd4 cxd4 13. Ne2 e5 14. fxe5 Nxe5 15. Qg3 Qd6 16. Rf2 Rae8 17. Raf1 c5 18. Nf4 Nc6 19. Qg4 Re5 20. Nd5 f5 21.
Qh4 Ree8 22. Kh1 Kg7 23. Nf4 fxe4 24. dxe4 Ne5 25. Qg5 Nd7 26. Nh5+ Kg8 27. Rxf8+ Rxf8 28. Rxf8+ Nxf8 29. Nf6+ Kf7 30. Ng4 Qe7 31. Qf4+ Kg7 32. Qh6+ Kg8 33. e5 Nd7 34. Qf4 Qf7 35. Qe4 b6 36. e6 Qf1+ 37. Kh2 Nf6 38. Nxf6+ Qxf6 39. e7 Qd6+ 40. Kh1 Kf7 41. e8=Q+ 1-0

[Event "*** Titled Tuesday Blitz"]
[Site "Chess.com"]
[Date "2020.02.04"]
[Round "2"]
[White "LawrenceTrent"]
[Black "Konavets"]
[Result "0-1"]
[WhiteElo "2621"]
[BlackElo "3007"]
[TimeControl "180+2"]
[EndTime "13:25:20 PST"]
[Termination "Konavets won by resignation"]

1. d4 Nf6 2. Nc3 g6 3. e4 d6 4. Be3 c6 5. Qd2 b5 6. f3 Nbd7 7. g4 Nb6 8. a4 b4 9. Nd1 a5 10.
Nf2 h5 11. h3 hxg4 12. hxg4 Rxh1 13. Nxh1 Be6 14. b3 Bg7 15. Ng3 Qc7 16. Nh3 c5 17.
Bb5+ Nfd7 18. Ng5 O-O-O 19. Rd1 d5 20. Ba6+ Kb8 21. Bf4 Ne5 22. dxe5 Bxe5 23. Nxe6 fxe6 24. Bxe5 Qxe5 25. Ne2 Rf8 26. Qe3 d4 27. Qf2 Qd6 28. Bd3 g5 29. Qg3 Qxg3+ 30. Nxg3 Rxf3 31. Nf1 Nd7 32. Be2 Rf4 33. Ng3 Ne5 34. Kd2 Rf2 35. Rh1 Rg2 36. Nf1 Nxg4 37. Rh7 Kc7 38. Rxe7+ Kd6 39. Ra7 Nf6 40. Ke1 g4 41. Rxa5 Nxe4 42. Ra8 Nc3 43. Bd3 e5 44. Re8 g3 45. a5 e4 46. Rxe4 Nxe4 47. Bxe4 Rg1 48. Ke2 g2 49. Nd2 Re1+ 50. Kxe1 g1=Q+ 51. Ke2 Qe3+ 52. Kd1 Kc7 53. a6 Qg1+ 54.
Ke2 Qg4+ 55. Bf3 Qe6+ 56. Kd1 Qxa6 57. Nc4 Qa1+ 58. Kd2 Qc3+ 59. Kd1 Qxf3+ 0-1

[Event "*** Titled Tuesday Blitz"]
[Site "Chess.com"]
[Date "2020.02.04"]
[Round "2"]
[White "riconaipe"]
[Black "JonahWillow"]
[Result "1-0"]
[WhiteElo "2536"]
[BlackElo "2739"]
[TimeControl "180+2"]
[EndTime "13:25:20 PST"]
[Termination "riconaipe won by resignation"]

1. d4 d5 2. c4 dxc4 3. e4 Nc6 4. Be3 e6 5. Bxc4 Nf6 6. Nc3 Bb4 7. e5 Nd5 8. Ne2 Nxe3 9. fxe3 Qg5 10. Nf4 Bd7 11. O-O Bxc3 12. bxc3 Na5 13. Be2 Bc6 14. Bf3 O-O 15. Rb1 b6 16. Bxc6 Nxc6 17. Qf3 Na5 18. g3 Nc4 19. Rbd1 Rad8 20. h4 Qe7 21. Qe2 b5 22. a4 a6 23. axb5 axb5 24. Rb1 c6 25. Nh5 Ra8 26. Nf6+ Kh8 27. Ne4 Ra3 28. Rf3 Rfa8 29.
Ng5 Ra2 30. Qd3 f5 31. exf6 gxf6 32. Rxf6 R2a7 33. Rbf1 Qd6 34. e4 Ne5 35. Qe2 Nc4 36.
Qf2 Rg8 37. Rf7 Rg7 38. Rf8+ Rg8 39. Rf7 Rg7 40. e5 Raxf7 41. Nxf7+ Rxf7 42. Qxf7 Qd8 43. Qxe6 Ne3 44. Qf6+ Qxf6 45. Rxf6 Kg7 46. Rxc6 Nd5 47.
Rc5 1-0

[Event "*** Titled Tuesday Blitz"]
[Site "Chess.com"]
[Date "2020.02.04"]
[Round "2"]
[White "Majkelopulos"]
[Black "vlad_Sid"]
[Result "0-1"]
[WhiteElo "2490"]
[BlackElo "2729"]
[TimeControl "180+2"]
[EndTime "13:25:28 PST"]
[Termination "vlad_Sid won by resignation"]

1. e4 c6 2. d4 d5 3. e5 Bf5 4.
Nd2 e6 5. Nb3 Nd7 6. Be3 a6 7.
f4 Rc8 8. Nf3 c5 9. c3 h5 10.
Be2 g6 11. O-O Nh6 12. h3 h4 13. Bf2 Be7 14. Qe1 Ng8 15. Rc1 Be4 16. Nfd2 Bf5 17.
c4 dxc4 18. Nxc4 b5 19. Nd6+ Bxd6 20. exd6 c4 21. Nc5 Nb6 22. d5 Qxd6 23. dxe6 Rxc5 24.
exf7+ Kxf7 25. Bxc5 Qxc5+ 26. Kh1 Nf6 27. Bg4 Bxg4 28.
hxg4 Nxg4 29. Qe2 Ne3 30. Rf3 Nf5 31. Qd2 Re8 32. Rd1 Re7 33. Qd8 Ng3+ 34. Kh2 Qf5 35. Qh8 Nd7 36. Qh7+ Ke8 37. Qg8+ Nf8 38. Rf2 Ne4 39.
Rf3 Nf6 40. Qh8 Ng4+ 41. Kh1 Nf6 42. Rf2 Rh7 43. Re2+ Kf7 44. Qxh7+ N8xh7 45. Rde1 Qxf4 0-1

[Event "*** Titled Tuesday Blitz"]
[Site "Chess.com"]
[Date "2020.02.04"]
[Round "2"]
[White "Sanyura"]
[Black "AndrewDGreen"]
[Result "1-0"]
[WhiteElo "2474"]
[BlackElo "2203"]
[TimeControl "180+2"]
[EndTime "13:25:35 PST"]
[Termination "Sanyura won on time"]

1. e4 c5 2. Nf3 g6 3. d4 cxd4 4.
Nxd4 Nc6 5. c4 Nf6 6. Nc3 Nxd4 7. Qxd4 d6 8. Be3 Bg7 9. Be2 O-O 10. Qd2 a5 11. f3 a4 12. O-O Qa5 13. Rfd1 Be6 14. Rab1 Rfc8 15. Nd5 Qxd2 16. Rxd2 Nxd5 17. cxd5 Bd7 18. b3 a3 19. Kf2 f5 20. exf5 Bxf5 21. Bd3 Bxd3 22. Rxd3 Rc2+ 23. Rd2 Rac8 24. Ke2 Kf7 25. b4 b5 26. Rb3 Bb2 27. g4 h5 28. h3 R2c3 29. Rxc3 Bxc3 30. Rc2 Rc4 31. Kd3 Bxb4 32. Rxc4 bxc4+ 33. Kxc4 Be1 34. Bc1 Kf6 35. f4 hxg4 36. hxg4 Bg3 37. Kd3 g5 38. fxg5+ Kg6 39. Ke4 Be5 40. Bxa3 Kxg5 41. Kf3 Kf6 42. Bb4 Bb2 43.
Ke4 Kg5 44. a4 Be5 45. a5 Bh2 46. a6 Bg1 47. Bd2+ Kxg4 48. Be3 1-0

[Event "*** Titled Tuesday Blitz"]
[Site "Chess.com"]
[Date "2020.02.04"]
[Round "2"]
[White "almaguerjm"]
[Black "joppie2"]
[Result "0-1"]
[WhiteElo "2393"]
[BlackElo "2900"]
[TimeControl "180+2"]
[EndTime "13:25:36 PST"]
[Termination "joppie2 won by resignation"]

1. d4 Nf6 2. Nf3 g6 3. c4 Bg7 4.
g3 O-O 5. Bg2 a6 6. O-O b5 7.
Qc2 bxc4 8. Qxc4 Bb7 9. Bf4 Nd5 10. Nc3 Nxf4 11. gxf4 e6 12. Rac1 Nc6 13. e3 Ra7 14.
Rfd1 Qa8 15. Ne1 Rc8 16. b4 Ne7 17. Bxb7 Qxb7 18. Na4 d6 19. a3 Nf5 20. Qc6 Qb5 21.
Nb2 Rb8 22. Ned3 Rb6 23. Qc2 Nh4 24. Ne1 Bf6 25. Qd3 Qd5 26. e4 Qh5 27. e5 Be7 28. f3 d5 29. Na4 Rb8 30. Rc6 a5 31. b5 Qf5 32. Qxf5 Nxf5 33. b6 cxb6 34. Nxb6 Ra6 35. Nd7 Rxc6 36. Nxb8 Rc4 37. Kf2 Bxa3 38. Na6 Bb2 39.
Rb1 Bxd4+ 40. Ke2 a4 41. Rb8+ Kg7 42. Nb4 a3 43. Nec2 a2 44. Ra8 a1=Q 45. Nxa1 Rxb4 46. Nc2 Rb2 47. Kd3 Rb3+ 48. Ke2 Rc3 49. Ra2 Bxe5 50. fxe5 Rxc2+ 51. Rxc2 Nd4+ 52. Kd3 Nxc2 53. Kxc2 Kh6 0-1

[Event "*** Titled Tuesday Blitz"]
[Site "Chess.com"]
[Date "2020.02.04"]
[Round "2"]
[White "Duhless"]
[Black "Snegokhod"]
[Result "1-0"]
[WhiteElo "3055"]
[BlackElo "2634"]
[TimeControl "180+2"]
[EndTime "13:25:42 PST"]
[Termination "Duhless won by resignation"]

1. d4 Nf6 2. Nf3 g6 3. c4 Bg7 4.
Nc3 d5 5. cxd5 Nxd5 6. Bd2 O-O 7. Rc1 Nb6 8. e3 c6 9. Be2 N8d7 10. e4 e5 11. Bg5 f6 12. Be3 f5 13. exf5 Rxf5 14. dxe5 Qe8 15. Ne4 Qe6 16. Nd4 Qxe5 17. Nxf5 gxf5 18. Nd2 f4 19. Bxb6 Nxb6 20. O-O Qxb2 21.
Nc4 Qf6 22. Nd6 Be6 23. Nxb7 Bxa2 24. Bf3 Bd5 25. Bxd5+ cxd5 26. Re1 f3 27. g3 Rf8 28. Qd3 Qh6 29. Nc5 Bd4 30. Rc2 Qh3 31.
Qf1 Qxf1+ 32. Kxf1 Nc4 33. Ne6 Bb6 34. Nxf8 Kxf8 35. Rd1 Ke7 36. Rxd5 Nd6 37. Rh5 Ke6 38. Rxh7 Nf5 39. Rc3 Nd4 40. h4 Kd5 41. Rd7+ Ke6 42. Rxd4 Bxd4 43. Rxf3 a5 44. h5 Bb2 45. Rb3 Bd4 46. Rb5 Bc3 47. h6 Kf6 48. Kg2 Kg6 49. Rb6+ Kh7 50. Ra6 Bb4 51. f4 Bc3 52. Kf3 1-0

[Event "*** Titled Tuesday Blitz"]
[Site "Chess.com"]
[Date "2020.02.04"]
[Round "2"]
[White "Chigorinetz"]
[Black "maciek_92"]
[Result "0-1"]
[WhiteElo "2563"]
[BlackElo "2858"]
[TimeControl "180+2"]
[EndTime "13:25:46 PST"]
[Termination "maciek_92 won on time"]

1. e4 c5 2. Nc3 Nc6 3. f4 e6 4. Nf3 a6 5. g3 d6 6. Bg2 g6 7.
O-O Bg7 8. h3 Nge7 9. d3 b5 10.
Ne2 O-O 11. Kh2 e5 12. c3 exf4 13. Bxf4 h6 14. Qd2 g5 15. Be3 f5 16. a4 b4 17. h4 f4 18. gxf4 g4 19. Ne1 Na5 20.
Rd1 Ng6 21. Bf2 Nxh4 22. Qe3 Nxg2 23. Nxg2 bxc3 24. bxc3 Bd7 25. Rh1 Rb8 26. Kg1 Rb2 27.
f5 Bxf5 28. exf5 Re8 29. Qg3 Rexe2 30. Rf1 Qg5 31. Qxd6 g3 32. Qd5+ Kh7 33. Bxc5 Rxg2+ 34. Qxg2 Rxg2+ 35. Kxg2 Nc6 36. Rf3 Qd2+ 37. Kxg3 Ne5 38. Re3 Nxd3 39. f6 Qf2+ 40. Kh3 Qf5+ 41. Kg2 Nf4+ 42.
Kg3 Qg5+ 43. Kf3 Qxc5 44. fxg7 Qd5+ 45. Kxf4 Qxh1 46. Rg3 Qf1+ 47. Ke4 Kg8 0-1

[Event "*** Titled Tuesday Blitz"]
[Site "Chess.com"]
[Date "2020.02.04"]
[Round "2"]
[White "DarkAlekhine"]
[Black "Terao90"]
[Result "0-1"]
[WhiteElo "2697"]
[BlackElo "2429"]
[TimeControl "180+2"]
[EndTime "13:25:47 PST"]
[Termination "Terao90 won by resignation"]

1. Nf3 Nf6 2. c4 e6 3. g3 d5 4.
d4 Bb4+ 5. Bd2 Be7 6. Bg2 O-O 7. O-O c6 8. Qc2 b6 9. Rd1 Nbd7 10. b3 Bb7 11. Nc3 Rc8 12. e4 dxe4 13. Nxe4 c5 14. Nxf6+ Nxf6 15. Bc3 Qc7 16. Qe2 Ne4 17. Bb2 Rcd8 18.
Ne5 Nf6 19. dxc5 Bxg2 20. Kxg2 Bxc5 21. Qf3 Rc8 22. Rd3 Rfd8 23. Rad1 Rxd3 24. Qxd3 Be7 25.
Qf3 h6 26. h4 Bd6 27. Re1 Rd8 28. Nc6 Rc8 29. Nd4 a6 30. Kg1 Be7 31. Ne2 b5 32.
cxb5 axb5 33. Rc1 Qd7 34. Rxc8+ Qxc8 35. Qc3 Qd7 36. Nd4 b4 37. Qc6 Qa7 38. Qc8+ Kh7 39. Nc6 Qc5 40. Nxe7 Qxe7 41. Qc2+ Kg8 42. Qc4 Nd5 43.
Bd4 Qb7 44. Qc5 Qa6 45. Qd6 Qxd6 0-1

[Event "*** Titled Tuesday Blitz"]
[Site "Chess.com"]
[Date "2020.02.04"]
[Round "2"]
[White "Zq1"]
[Black "WelshTiger"]
[Result "1/2-1/2"]
[WhiteElo "2540"]
[BlackElo "2330"]
[TimeControl "180+2"]
[EndTime "13:25:50 PST"]
[Termination "Game drawn by repetition"]

1. d4 Nf6 2. c4 c5 3. Nf3 cxd4 4.
Nxd4 e5 5. Nb5 d5 6. cxd5 Bb4+ 7. Bd2 Bc5 8. N5c3 Nxd5 9. Nxd5 Qxd5 10. Nc3 Qe6 11.
g3 O-O 12. Bg2 Nc6 13. O-O Rd8 14. Rc1 Bf8 15. e3 Rb8 16. Qe2 a6 17. b3 Nb4 18.
Rfd1 b5 19. Be1 Rxd1 20. Qxd1 Bb7 21. Bxb7 Rxb7 22. Qe2 Rd7 23. Rd1 Rxd1 24. Qxd1 Qd6 25. Qxd6 Bxd6 26. Kf1 f5 27. f3 Kf7 28. Ke2 Ke6 29. e4 g6 30. Bf2 Nc6 31. Nd5 Nb4 32.
Nxb4 Bxb4 33. Kd3 Bd6 34. h3 h5 35. g4 hxg4 36. exf5+ Kxf5 37. hxg4+ Kf4 38. Ke2 e4 39. Be3+ Kg3 40. fxe4 Kxg4 41. Kd3 Kf3 42. Kd4 Be7 43. Bg1 g5 44. Kd5 g4 45. e5 g3 46. e6 Ke2 47.
Kc6 Kd3 48. Kb6 Kc3 49. Kxa6 b4 50. Kb5 g2 51. Bb6 Kb2 52. Kc4 Kxa2 53. Bd4 Ka3 54. Bg1 Ka2 55. Bd4 Ka3 56. Bg1 Ka2 57. Bd4 1/2-1/2

[Event "*** Titled Tuesday Blitz"]
[Site "Chess.com"]
[Date "2020.02.04"]
[Round "2"]
[White "alishersuleymenov"]
[Black "arminmusovic"]
[Result "1-0"]
[WhiteElo "2799"]
[BlackElo "2533"]
[TimeControl "180+2"]
[EndTime "13:25:52 PST"]
[Termination "alishersuleymenov won by resignation"]

1. d4 d5 2. Bf4 c5 3. e3 Nc6 4. c3 a6 5. Nd2 Nf6 6. Ngf3 Bg4 7. h3 Bh5 8. g4 Bg6 9. dxc5 e6 10. b4 Be7 11.
Be2 O-O 12. O-O Nd7 13. a3 f5 14. c4 fxg4 15. hxg4 d4 16. Nb3 e5 17. Bg3 d3 18.
Bxd3 e4 19. Be2 exf3 20. Bxf3 Kh8 21. b5 axb5 22. cxb5 Na5 23. Nxa5 Rxa5 24. c6 bxc6 25. Bxc6 Nf6 26. Qxd8 Bxd8 27. Bd6 Rg8 28. Rad1 Nxg4 29. Rd4 h5 30. Rfd1 Bb6 31. R4d2 Rd8 32. Bb4 Rxd2 33.
Rxd2 Ra7 34. Rd6 Kh7 35. Bf3 Bc7 36. Rd1 Bh2+ 37. Kg2 Be5 38. b6 Rf7 39. b7 Nh2 40. Bd6 Bxd6 41. Rxd6 Nxf3 42. b8=Q Be4 43. Rd8 h4 44. Kf1 Ng5 45. Rh8+ Kg6 46. Rxh4 Bd3+ 47. Kg2 Be4+ 48. Rxe4 Nxe4 49. f3 Nf6 50. a4 Rd7 51. a5 Rd2+ 52. Kf1 Nh5 53. a6 Ng3+ 54. Qxg3+ 1-0

[Event "*** Titled Tuesday Blitz"]
[Site "Chess.com"]
[Date "2020.02.04"]
[Round "2"]
[White "reigningmvp"]
[Black "TigrVShlyape"]
[Result "0-1"]
[WhiteElo "2382"]
[BlackElo "2826"]
[TimeControl "180+2"]
[EndTime "13:25:54 PST"]
[Termination "TigrVShlyape won by resignation"]

1. e4 b6 2. d4 Bb7 3. Bd3 g6 4. f4 Bg7 5. Nf3 e6 6. O-O f5 7.
exf5 gxf5 8. Ne5 Nf6 9. c3 Nc6 10. Nd2 Rg8 11. Ndf3 Qe7 12. Rf2 Ne4 13. Bxe4 fxe4 14.
Nxc6 Bxc6 15. Ne5 Bxe5 16. Qh5+ Rg6 17. fxe5 O-O-O 18. Be3 Bb5 19. a4 Bd3 20. a5 Kb7 21.
b4 Rf8 22. axb6 cxb6 23. Raa2 Rxf2 24. Rxf2 Bc4 25. h4 Qg7 26. Bg5 h6 27. Be3 Qg8 28.
Bxh6 Rg3 29. Bf4 Rxc3 30. Bg5 e3 31. Rf7 Bb5 32. Qf3+ Bc6 33. Rxd7+ Kc8 34. Qf7 Rc1+ 35. Kh2 Qxf7 36. Rxf7 e2 37. Rf8+ Kb7 38. Bd2 Rd1 39. Bc3 e1=Q 40. Bxe1 Rxe1 41. h5 Re4 42. g3 Rxd4 43.
Rf7+ Ka6 44. h6 Rd1 45. Kh3 Rh1+ 46. Kg4 Rxh6 47. Kg5 Rh3 48. g4 Kb5 49. Kg6 Kxb4 50. Rxa7 Be4+ 51. Kf6 Rh6+ 52. Ke7 Rh7+ 53. Kxe6 Rxa7 54.
g5 b5 55. Kf6 Ra6+ 56. Kf7 Bd5+ 57. Kg7 Kc5 58. g6 Be4 0-1